 Dungeon Crawl Stone Soup version 0.29.1-13-g9f3cf754e1 (webtiles) character file.

Game seed: 10796650938956327799

52 theswoord the Chiller (level 3, 0/28 HPs)
             Began as a Naga Ice Elementalist on Feb 1, 2023.
             Slain by an orc
             ... wielding a +0 mace
              (7 damage)
             ... on level 3 of the Dungeon.
             The game lasted 00:04:05 (3030 turns).

theswoord the Chiller (Naga Ice Elementalist)       Turns: 3030, Time: 00:04:05

Health: 0/28       AC:  2    Str: 10    XL:     3   Next: 85%
Magic:  2/7        EV:  9    Int: 17    God:
Gold:   108        SH:  0    Dex: 11    Spells: 1/8 levels left

rFire   . . .      SeeInvis +   n - +1 sling (vorpal)
rCold   . . .      Faith    +   (no shield)
rNeg    . . .      Spirit   .   a - +0 robe
rPois   +          Reflect  .   (no helmet)
rElec   .          Harm     .   (no cloak)
rCorr   .          Rampage  .   (no gloves)
Will    .....                   (no barding)
Stlth   ++........              c - amulet of faith
HPRegen 0.09/turn               (no ring)
MPRegen 0.10/turn               (no ring)

@: freezing walls, very slow
A: AC +1, large, see invisible, deformed body, poison resistance, slowness 2,
spit poison 1, naga tail 1
a: Spit Poison


You were on level 3 of the Dungeon.
You visited 1 branch of the dungeon, and saw 3 of its levels.

You collected 108 gold pieces.

Inventory:

Hand Weapons
 h - a +0 whip of draining
 n - a +1 vorpal sling (weapon)
Armour
 a - a +0 robe (worn)
Jewellery
 c - an amulet of faith (around neck)
Scrolls
 d - 3 scrolls of identify
Potions
 b - a potion of magic
 e - 3 potions of brilliance
 f - a potion of heal wounds {unknown}
 g - a potion of lignification {unknown}
 i - a potion of degeneration {unknown}
 j - 3 potions of might {unknown}
 k - a potion of flight {unknown}
 l - a potion of ambrosia {unknown}
 m - a potion of curing {unknown}


   Skills:
 - Level 1.5 Dodging
 - Level 3.0 Stealth
 + Level 3.0 Spellcasting
 + Level 4.7 Ice Magic


You had one spell level left.
You knew the following spells:

 Your Spells              Type           Power      Damage    Failure   Level
a - Freeze                Ice            72%        1d9       2%          1
b - Frozen Ramparts       Ice            36%        1d6       8%          3
c - Ozocubu's Armour      Ice            18%        N/A       8%          3

Your spell library contained the following spells:

 Spells                   Type           Power      Damage    Failure   Level
 Hailstorm                Conj/Ice       10%        3d5       54%         4


Dungeon Overview and Level Annotations

Branches:
Dungeon (3/15)

Altars:


Innate Abilities, Weirdness & Mutations

Your serpentine skin is tough. (AC +1)
You have supernaturally acute eyesight. (SInv)
Armour fits poorly on your strangely shaped body.
Your system is resistant to poisons. (rPois)
You cover ground very slowly.
You can spit poison.
You have a snake-like lower body.


Message History

The hobgoblin is lightly wounded.
The hobgoblin closely misses you.
Casting: Freeze (safe; 2% risk of failure)
Confirm with . or Enter, or press ? or * to list all spells.
Aiming: Freeze (safe; 2% risk of failure)
Press: ? - help, Shift-Dir - straight line, f/p - hobgoblin
Aim: a hobgoblin, wielding a +0 spear, wearing a +0 ring mail and wearing a ring of flight (lightly wounded)
You freeze the hobgoblin.
The hobgoblin is almost dead.
The hobgoblin barely misses you.
Casting: Freeze (safe; 2% risk of failure)
Confirm with . or Enter, or press ? or * to list all spells.
Aiming: Freeze (safe; 2% risk of failure)
Press: ? - help, Shift-Dir - straight line, f/p - hobgoblin
Aim: a hobgoblin, wielding a +0 spear, wearing a +0 ring mail and wearing a ring of flight (severely wounded)
You freeze the hobgoblin.
You kill the hobgoblin!
Okay, then.
This spell is quite dangerous to cast!
Memorise Ozocubu's Armour, consuming 3 spell levels and leaving 1?
You start memorising the spell.
You continue memorising. x3
You finish memorising.
Spell assigned to 'c'.
As you read the scroll labelled YFRITO JYNNO, it crumbles to dust.
You hear a loud clanging noise!
It was a scroll of noise.
You hear a shout! x5
Okay, then.
You start resting.
An orc comes into view. It is wielding a +0 mace.
Casting: Freeze (safe; 2% risk of failure)
Confirm with . or Enter, or press ? or * to list all spells.
The spell is quite dangerous to miscast (8% risk of failure)!
Continue anyway?
Casting: Frozen Ramparts (quite dangerous; 8% risk of failure)
Press: ? - help, Dir - look around, f - activate The walls around you are covered in ice.
The wall freezes the orc but does no damage.
You shoot a sling bullet.
The sling bullet hits the orc but does no damage.
The wall freezes the orc.
The orc hits you with a +0 mace!
You die...

*,,,,,,,*,***,,,,,,,,,*,**,
*,,,,,,,,,,,g...#***,,*,**,
*>,,.,,,,,,.....,,,,,,,,*,,
****#.,,,,,....###*,,,*****
*.#,***#..P'.,*,,******
#,.,*,,#...#,,*,,,,,,,,
#.#.*,,+..#*###,*****,,
#...####..#...#,* *,,
*#..P.@o..#...#,* *,,
#........'...#,* *,,
##.#)##..###+#,* *,,
#,#..#...#,,*,* *,,
*,#..#.⌠.#,,*,# *,,
*.#..#...####.# *,,
#.#####..P..P.# ***
#..#,,#.......#******
##.P#,,+..#+##.#,,,,,*


You could see an orc.

Vanquished Creatures
  An adder (D:2)
  A dart slug (D:2)
  An orc (D:3)
  2 endoplasms (D:2)
  3 giant cockroaches
  3 goblins
  4 hobgoblins
  4 jackals (D:2)
  6 kobolds
  3 quokkas (D:1)
  2 ball pythons (D:2)
  2 frilled lizards
  4 rats
36 creatures vanquished.

Vanquished Creatures (others)
  2 plants (D:3)
2 creatures vanquished.

Grand Total: 38 creatures vanquished

Notes
Turn   | Place    | Note
-------+----------+-------------------------------------------
     0 | D:1      | theswoord the Naga Ice Elementalist began the quest for the
                  | Orb.
     0 | D:1      | Reached XP level 1. HP: 15/15 MP: 3/3
   524 | D:1      | Reached XP level 2. HP: 22/22 MP: 3/5
  1682 | D:2      | Reached XP level 3. HP: 26/28 MP: 1/6
  2430 | D:3      | HP: 1/28 [goblin/sling bullet (1)]
  2817 | D:3      | Learned a level 3 spell: Frozen Ramparts
  3024 | D:3      | Learned a level 3 spell: Ozocubu's Armour
  3030 | D:3      | Slain by an orc

Skill      XL: |  1  2  3 |
---------------+----------+-----
Spellcasting   | 3 |  3.0
Dodging        | |  1.5
Stealth        | |  3.0
Ice Magic      | |  4.7

Action                   || total
-------------------------++-------
Melee: Unarmed           ||    15
       Whip              ||    18
       Punch             ||     1
 Fire: Sling             ||    19
 Cast: Freeze            ||    38
       Frozen Ramparts   ||     1
 Abil: Spit Poison       ||     2
  Use: Scroll            ||     6
 Stab: Sleeping          ||     2
Armor: Robe              ||    10
Dodge: Dodged            ||    28

Levels and vault maps discovered:
D:1:      minmay_arrival_solitary_statue, layout_basic,
          chequers_serial_rivers_room_b, roderic_lattice_a, nrook_mini_vaults
D:2:      layout_basic
D:3:      corexii_shack_village, layout_basic, serial_shops, shop,
          minmay_misc_feat_pillars, kennysheep_cross_bottleneck,
          kennysheep_nondescript
